 Dungeon Crawl Stone Soup version 0.30-b1-2-g02819fbbbe (webtiles) character file.

Game seed: 1613157890590093983

12 MajorAdolf the Chopper (level 2, -5/22 HPs)
             Began as a Naga Wanderer on Sept 17, 2023.
             Slain by an iguana (11 damage)
             ... on level 1 of the Dungeon.
             The game lasted 00:01:53 (857 turns).

MajorAdolf the Chopper (Naga Wanderer)               Turns: 857, Time: 00:01:54

Health: -5/22      AC:  1    Str: 14    XL:     2   Next: 33%
Magic:  4/5        EV:  9    Int: 12    God:
Gold:   46         SH:  0    Dex: 10    Spells: 4/5 levels left

rFire   x . .        a - +2 hand axe
rCold   + . .        (no shield)
rNeg    . . .        (no body armour)
rPois   +            k - +0 helmet
rElec   .            (no cloak)
rCorr   .            (no gloves)
SInv    +            (no barding)
Will    .....        (no amulet)
Stlth   +            b - ring of ice
HPRegen 0.23/turn    (no ring)
MPRegen 0.09/turn

%: no passive effects
@: short of breath, very slow
A: AC +0, large, see invisible, deformed body, poison resistance, slowness 2,
spit poison 1, naga tail 1
a: Spit Poison


You were on level 1 of the Dungeon.
You visited 1 branch of the dungeon, and saw 2 of its levels.

You collected 46 gold pieces.

Inventory:

Hand Weapons
 a - a +2 hand axe (weapon)
Armour
 k - a +0 helmet (worn)
Jewellery
 b - a ring of ice (left hand)
Scrolls
 g - a scroll of silence {unknown}
 h - a scroll of poison {unknown}
 i - 2 scrolls of identify {unknown}
Potions
 c - a potion of invisibility
 d - a potion of heal wounds {unknown}
 e - 2 potions of curing {unknown}
 f - a potion of brilliance {unknown}
 j - a potion of degeneration {unknown}


   Skills:
 + Level 2.5 Axes
 - Level 1.5 Armour
 + Level 0.0 Stealth
 - Level 2.0 Spellcasting
 + Level 2.5 Ice Magic
 - Level 1.0 Invocations
 - Level 1.0 Evocations


You had 4 spell levels left.
You knew the following spells:

 Your Spells              Type           Power      Damage    Failure   Level
a - Freeze                Ice            40%        1d6       10%         1

Your spell library contained the following spells:

 Spells                   Type           Power      Damage    Failure   Level
 Ozocubu's Armour         Ice            10%        N/A       28%         3
 Vhi's Electric Charge    Tloc/Air       2%         N/A       63%         3
 Arcjolt                  Conj/Air       0%         1d10      100%        5
 Maxwell's Capacitive Co  Air            0%         ∞         100%        8


Dungeon Overview and Level Annotations

Branches:
Dungeon (2/15)

Altars:


Innate Abilities, Weirdness & Mutations

Your serpentine skin is tough. (AC +0)
You have supernaturally acute eyesight. (SInv)
Armour fits poorly on your strangely shaped body.
Your system is resistant to poisons. (rPois)
You cover ground very slowly.
You can spit poison.
You have a snake-like lower body.


Message History

You see here 8 stones.
There is an open door here.
You open the door.
There is an open door here.
There is a stone staircase leading down here.
You climb downwards.
The hobgoblin shouts!
Found a whip.
There is a stone staircase leading up here.
Unknown command.
The iguana hisses angrily.
Aiming: Spit Poison (2% risk of failure)
Press: ? - help, Shift-Dir - straight line, f - iguana
Aim: an iguana (65% to hit)
You fail to use your ability.
Unknown command.
The iguana bites you.
You climb upwards.
There is a stone staircase leading down here.
Aiming: Spit Poison (2% risk of failure)
Press: ? - help, Shift-Dir - straight line, f - iguana
Aim: an iguana (65% to hit)
The splash of poison hits the iguana!
The iguana is poisoned.
The iguana is severely wounded.
The iguana bites you!
Ouch! That really hurt!
* * * LOW HITPOINT WARNING * * *
You are too injured to fight recklessly!
You are too injured to fight recklessly!
Unknown command.
Casting: Freeze (safe; 10% risk of failure)
Confirm with . or Enter, or press ? or * to list all spells.
Aiming: Freeze (safe; 10% risk of failure)
Press: ? - help, Shift-Dir - straight line, f/p - iguana
Aim: an iguana (severely wounded, poisoned)
You feel a surge of power!
You freeze the iguana.
The iguana is almost dead.
The iguana bites you!
Ouch! That really hurt!
You die...

#.# ### ##### #####.# #####.#
....# #...(.# #.....# ....#
#.#########.###.# ....# #.#
#.......# #.# ....#
#####'###.####### #.## ....#
#......##.# #..#
....####......##.#########.##
....'..'......'.@...)......#
....####......#l.###########
....# #####.....# #####
#.......# ## #...##### .#
#...# .##########.##
.....##.....# ..##.##.#####


You could see an iguana (poisoned).

Vanquished Creatures
  3 bats (D:1)
  A giant cockroach (D:1)
  A goblin (D:1)
  A hobgoblin (D:1)
  2 quokkas (D:1)
  2 frilled lizards (D:1)
  A kobold (D:1)
11 creatures vanquished.

Notes
Turn   | Place    | Note
-------+----------+-------------------------------------------
     0 | D:1      | MajorAdolf the Naga Wanderer began the quest for the Orb.
     0 | D:1      | MajorAdolf set off with the following items: a +2 hand axe,
                  | a +0 scale mail, a potion of invisibility; and the
                  | following spell memorised: Freeze; and the following spells
                  | available to memorise: Ozocubu's Armour.
     0 | D:1      | Reached XP level 1. HP: 15/15 MP: 3/3
   221 | D:1      | Reached XP level 2. HP: 19/22 MP: 5/5
   857 | D:1      | Slain by an iguana

Illustrated notes

Levels and vault maps discovered:
D:1:      dpeg_arrival_ternary, layout_basic, minmay_tall_x
D:2:      layout_rooms, serial_shops, nicolae_shop_peninsula

Action                     || total
---------------------------++-------
  Melee: Hand axe          ||    12
   Cast: Freeze            ||     8
Ability: Spit Poison       ||     8
  Dodge: Dodged            ||    10
